Map: Dusk Towers

Players

Stefan

  • Race: Protoss Protoss
  • League: Platinum

LilDicky - Winner!

  • Race: Protoss Protoss
  • League: Diamond

VOD

http://www.twitch.tv/tumescentpie

Description

Time

  • Played on: Jan. 4, 2016, 11:32 p.m.
  • Length: 3:11
Show
View Real Time Build Order
Export as new Build Order

Stefan Protoss 

Build Orders:  

Get SALT Encoding   

  12  0:01  Probe (Chrono Boost)  
  13  0:11  Probe (Chrono Boost)  
  14  0:18  Pylon  
  14  0:23  Probe (Chrono Boost)  
  15  0:36  Probe (Chrono Boost)  
  15  0:42  Gateway  
  16  0:47  Probe (Chrono Boost)  
  17  0:50  Assimilator  
  17  0:57  Probe (Chrono Boost)  
  18  1:08  Probe (Chrono Boost)  
  19  1:13  Pylon  
  19  1:27  Pylon  
  19  1:38  Zealot  
  21  1:42  Probe (Chrono Boost)  
  22  2:03  Forge  
  22  2:21  Probe (Chrono Boost)  
  21  2:31  Probe (Chrono Boost), Pylon  
  19  2:42  Probe (Chrono Boost)  
  13  2:57  Photon Cannon  
Show
View Real Time Build Order
Export as new Build Order

LilDicky Protoss - Winner!

Build Orders: Cannon Rush 

Get SALT Encoding   

  12  0:02  Probe (Chrono Boost)  
  13  0:18  Pylon  
  13  0:20  Probe (Chrono Boost)  
  14  0:31  Probe (Chrono Boost)  
  15  0:37  Forge  
  15  0:41  Probe (Chrono Boost)  
  16  0:52  Probe (Chrono Boost)  
  17  1:02  Probe (Chrono Boost)  
  18  1:09  Pylon  
  18  1:14  Pylon  
  18  1:16  Pylon  
  18  1:21  Probe (Chrono Boost)  
  19  1:26  Pylon  
  19  1:31  Photon Cannon  
  19  1:35  Probe (Chrono Boost)  
  19  1:50  Photon Cannon  
  19  1:57  Photon Cannon  
  19  2:00  Photon Cannon  
  19  2:02  Probe (Chrono Boost)  
  19  2:11  Photon Cannon  
  19  2:14  Probe (Chrono Boost)  
  19  2:22  Pylon  
  19  2:25  Probe (Chrono Boost)  
  19  2:26  Photon Cannon  
  20  2:30  Photon Cannon  
  20  2:34  Pylon  
  20  2:51  Pylon  
  20  2:58  Photon Cannon  
Tags
 
Add a new tag
Caveats
  • Supply blocks, unpowered buildings, or Contaminate may cause inaccurate times.
  • Supply counts are checked every 10 seconds.